 Dungeon Crawl Stone Soup version 0.30.1-4-g462c640d31 (webtiles) character file.

Game seed: 9835595346233711278

192 MrPagan1517 the Chopper (level 5, -17/47 HPs)
             Began as a Hill Orc Fighter on Sept 19, 2023.
             Demolished by an ogre
             ... wielding a +0 giant club
              (28 damage)
             ... on level 4 of the Dungeon.
             The game lasted 00:04:01 (2596 turns).

MrPagan1517 the Chopper (Hill Orc Fighter)          Turns: 2596, Time: 00:04:02

Health: -17/47     AC: 10    Str: 21    XL:     5   Next: 71%
Magic:  0/5        EV:  8    Int:  8    God:
Gold:   258        SH:  4    Dex: 10    Spells: 4/4 levels left

rFire   . . .        a - +0 war axe (venom)
rCold   . . .        c - +0 buckler
rNeg    . . .        j - +0 chain mail
rPois   .            (no helmet)
rElec   .            i - +0 cloak
rCorr   .            (no gloves)
SInv    .            (no boots)
Will    .....        h - amulet of guardian spirit Stlth
                     (no ring)
HPRegen 0.27/turn    (no ring)
MPRegen 0.09/turn

%: guardian spirit
@: no status effects
A: no striking features
a: no special abilities


You were on level 4 of the Dungeon.
You visited 1 branch of the dungeon, and saw 4 of its levels.

You collected 258 gold pieces.

Inventory:

Hand Weapons
 a - a +0 war axe of venom (weapon)
Armour
 b - a +0 scale mail
 c - a +0 buckler (worn)
 i - a +0 cloak (worn)
 j - a +0 chain mail (worn)
Jewellery
 h - an amulet of guardian spirit (around neck)
Scrolls
 k - a scroll of enchant armour {unknown}
 n - a scroll of identify
Potions
 d - a potion of might
 e - a potion of invisibility {unknown}
 f - a potion of berserk rage {unknown}
 g - a potion of haste {unknown}
 l - a potion of curing {unknown}
 m - a potion of flight {unknown}


   Skills:
 * Level 4.7 Fighting
 + Level 5.3 Axes
 + Level 4.1 Armour
 - Level 0.3 Dodging
 + Level 3.9 Shields


You had 4 spell levels left.
You didn't know any spells.
Your spell library contained the following spells:

 Spells                   Type           Power      Damage    Failure   Level
 Beastly Appendage        Tmut           0%         N/A       98%         1
 Kiss of Death            Conj/Necr      0%         2d5       98%         1
 Wereblood                Tmut           0%         N/A       99%         2
 Confusing Touch          Hex            0%         N/A       100%        3
 Hailstorm                Conj/Ice       0%         3d3       100%        3
 Spider Form              Tmut/Pois      0%         N/A       100%        3
 Dispel Undead            Necr           0%         3d6       100%        4
 Ice Form                 Ice/Tmut       0%         N/A       100%        4
 Simulacrum               Ice/Necr       0%         N/A       100%        6


Dungeon Overview and Level Annotations

Branches:
Dungeon (4/15)
 Temple: D:4-7

Altars:


Message History

You kill the ball python!
The ogre hits you with a +0 giant club!
* * * LOW HITPOINT WARNING * * *
You hit the ogre but do no damage.
The ogre looks as sick as possible!
The ogre is almost dead.
You kill the ogre!
Your Axes skill increases to level 5!
Your Armour skill increases to level 4!
You have reached level 5!
You feel stronger.
Magic restored.
HP restored.
Things that are here:
a +0 giant club; an ogre corpse
n - a scroll of identify You see here a +0 dagger of holy wrath.
Found a stone staircase leading down.
You now have 258 gold pieces (gained 10).
There is a stone staircase leading down here.
An ogre comes into view. It is wielding a +0 giant club.
The ogre shouts!
An ogre is nearby!
You block the ogre's attack.
You hit the ogre.
The ogre is lightly wounded.
The ogre hits you with a +0 giant club!
You hit the ogre.
The ogre is moderately wounded.
The ogre hits you with a +0 giant club!
You hit the ogre.
The ogre is poisoned.
The ogre is moderately wounded.
The ogre hits you with a +0 giant club!!
* * * LOW HITPOINT WARNING * * *
You are too injured to fight recklessly!
You hit the ogre but do no damage.
The ogre looks even sicker.
The ogre is moderately wounded.
You closely miss the ogre.
The ogre is moderately wounded.
The ogre hits you with a +0 giant club!!
Ouch! That really hurt!
You die...

#............#
##..........)#
##.>).#...#.# ###
###)..####... ....
##................
####.....#######...
.....##### #.....
.###.....#####.########.
## #..........^.@O......
#.......>....########
#.....######## #.....#
#######


You could see an ogre (very poisoned).

Vanquished Creatures
  An ogre (D:4)
  Jessica (D:3)
  3 adders (D:2)
  An orc (D:3)
  4 endoplasms
  2 giant cockroaches
  3 hobgoblins
  6 jackals (D:1)
  8 kobolds
  2 quokkas
  5 ball pythons
  9 bats
  2 frilled lizards
  9 goblins
  3 rats (D:1)
59 creatures vanquished.

Notes
Turn   | Place    | Note
-------+----------+-------------------------------------------
     0 | D:1      | MrPagan1517 the Hill Orc Fighter began the quest for the
                  | Orb.
     0 | D:1      | Reached XP level 1. HP: 19/19 MP: 1/1
    84 | D:1      | Reached skill level 3 in Axes
   127 | D:1      | Reached XP level 2. HP: 18/26 MP: 2/2
   528 | D:1      | Reached XP level 3. HP: 30/33 MP: 3/3
  1223 | D:2      | Reached skill level 4 in Axes
  1223 | D:2      | Reached XP level 4. HP: 40/40 MP: 4/4
  1784 | D:3      | Noticed Jessica
  1794 | D:3      | Killed Jessica
  2414 | D:4      | Noticed an ogre
  2422 | D:4      | Killed an ogre
  2423 | D:4      | Reached skill level 5 in Axes
  2423 | D:4      | Reached XP level 5. HP: 12/47 MP: 0/5
  2588 | D:4      | Noticed an ogre
  2596 | D:4      | Demolished by an ogre

Illustrated notes

Levels and vault maps discovered:
D:1:      dpeg_arrival_tiny_f, layout_basic, nicolae_hexahallways,
          minmay_pentomino_r4
D:2:      layout_basic, minmay_fractal_squares_gapless_5
D:3:      layout_basic, uniq_jessica
D:4:      layout_rooms, lightli_corner_chamber

Skill      XL: |  1  2  3  4 |
---------------+-------------+-----
Axes           | 3 4 5 |  5.3
Fighting       | 4 |  4.7
Armour         | 4 |  4.1
Dodging        | |  0.3
Shields        | |  3.9

Action                     |  1- 3 |  4- 6 || total
---------------------------+-------+-------++-------
  Melee: War axe           |   101 |    60 ||   161
    Use: Scroll            |     5 |     5 ||    10
 Armour: Scale mail        |    32 |       ||    32
         Chain mail        |    38 |    41 ||    79
  Dodge: Dodged            |    55 |    22 ||    77
  Block: Buckler           |    22 |    14 ||    36
